 Dungeon Crawl Stone Soup version 0.27-a0-522-g46bbb28828 (webtiles) character file.

Game seed: 16214986912173026395

143319 jasper the Sharpshooter (level 16, -2/137 HPs)
             Began as a Demonspawn Arcane Marksman on Mar 4, 2021.
             Was the Champion of Okawaru.
             Killed from afar by Vashnia (3 damage)
             ... with a splash of poison
             ... on level 4 of the Snake Pit on Mar 5, 2021.
             The game lasted 00:50:11 (36167 turns).

jasper the Sharpshooter (DsAM)                     Turns: 36167, Time: 00:50:12

Health: -2/137     AC: 27    Str: 19    XL:     16   Next: 82%
Magic:  14/21      EV: 22    Int: 19    God:    Okawaru [******]
Gold:   781        SH:  0    Dex: 17    Spells: 1/21 levels left

rFire    + . .     SeeInvis .   U - +2 arbalest (freeze)
rCold    . . .     Faith    +   (shield currently unavailable)
rNeg     + . .     Spirit   .   d - +1 swamp dragon scales
rPois    .         Reflect  .   k - +2 helmet {Int+3}
rElec    .         Harm     .   G - +1 cloak of Bedazzling Mirth {rF+ Stlth+}
rCorr    .         Rampage  .   A - +1 pair of gloves {archery}
Will     +....                  j - +1 pair of boots
Stlth    +++.......             a - amulet of Mutualism {Faith Slay+6}
HPRegen  0.32/turn              B - ring of positive energy
MPRegen  0.17/turn              C - +6 ring of strength

@: lethally poisoned (-2 -> -20), about to teleport, heroic, finesse-ful, poison
vulnerable
A: claws 2, slimy green scales 2, foul stench 1, robust 1, spiny 2
a: Renounce Religion, Heroism, Finesse


You were on level 4 of the Snake Pit.
You worshipped Okawaru.
Okawaru was exalted by your worship.
You visited 4 branches of the dungeon, and saw 26 of its levels.

You collected 2594 gold pieces.
You spent 1813 gold pieces at shops.

Inventory:

Hand Weapons
 I - a +0 triple crossbow of venom
 U - a +2 arbalest of freezing (weapon)
Missiles
 b - 103 poisoned darts
 h - 820 stones
 D - 9 javelins
 Q - 203 bolts (quivered ammo)
 R - 4 silver javelins
Armour
 d - +1 swamp dragon scales (worn)
 f - the +7 chain mail of Zamyshol {Int+4}
   (Okawaru gifted it to you on level 1 of the Lair of Beasts)

   It affects your intelligence (+4).
 j - a +1 pair of boots (worn)
 k - a +2 helmet of intelligence (worn)
 A - a +1 pair of gloves of archery (worn)
 G - the +1 cloak of Bedazzling Mirth (worn) {rF+ Stlth+}
   (You found it on level 5 of the Dungeon)

   It protects you from fire.
   It makes you more stealthy.
Jewellery
 a - the amulet of Mutualism (around neck) {Faith Slay+6}
   (You found it on level 1 of the Lair of Beasts)

   [amulet of faith]

   It allows you to gain divine favour quickly.
   It affects your accuracy and damage with ranged weapons and melee attacks
   (+6).
 q - a ring of see invisible
 B - a ring of positive energy (left hand)
 C - a +6 ring of strength (right hand)
Wands
 g - a wand of flame (78)
 l - a wand of mindburst (29)
 J - a wand of iceblast (16)
 M - a wand of digging (3)
 W - a wand of polymorph (30)
Scrolls
 c - a scroll of torment {unknown}
 e - 3 scrolls of identify
 m - 3 scrolls of fog
 o - 2 scrolls of immolation
 p - 7 scrolls of teleportation
 s - a scroll of summoning
 y - 2 scrolls of fear
 z - 3 scrolls of magic mapping
 E - 2 scrolls of enchant armour
 H - 2 scrolls of enchant weapon
 P - 3 scrolls of blinking
 Y - a scroll of vulnerability
Potions
 n - a potion of attraction
 r - 2 potions of cancellation
 t - 2 potions of brilliance
 u - 2 potions of flight
 v - 4 potions of berserk rage
 w - 2 potions of magic
 L - 9 potions of curing
 N - 2 potions of mutation
 O - 6 potions of lignification
 T - 3 potions of might
 V - a potion of resistance
 X - 5 potions of haste
 Z - 2 potions of invisibility
Miscellaneous
 F - a tin of tremorstones (2/2)


   Skills:
 - Level 11.0(16.0) Fighting
 - Level 18.0(23.0) Crossbows
 - Level 10.0(15.0) Armour
 - Level 10.1(15.1) Dodging
 - Level 5.0(10.0) Unarmed Combat
 - Level 3.4 Spellcasting
 - Level 6.0 Hexes
 - Level 6.0 Necromancy
 - Level 6.0 Translocations
 - Level 6.0 Ice Magic
 + Level 5.1 Invocations


You had one spell level left.
You knew the following spells:

 Your Spells              Type           Power        Failure   Level
a - Portal Projectile     Hex/Tloc       52%          5%          3
b - Apportation           Tloc           52%          1%          1
c - Tukima's Dance        Hex            26%          5%          3
d - Animate Skeleton      Necr           52%          1%          1
e - Blink                 Tloc           N/A          2%          2
f - Lesser Beckoning      Tloc           13%          5%          3
g - Ozocubu's Armour      Ice            26%          5%          3
h - Passwall              Tmut/Erth      2%           32%         2
i - Swiftness             Air            3%           32%         2

Your spell library contained the following spells:

 Spells                   Type           Power        Failure   Level
 Corona                   Hex            28%          1%          1
 Freeze                   Ice            100%         1%          1
 Pain                     Necr           100%         1%          1
 Foxfire                  Conj/Fire      12%          22%         1
 Magic Dart               Conj           12%          22%         1
 Shock                    Conj/Air       12%          22%         1
 Summon Small Mammal      Summ           12%          22%         1
 Slow                     Hex            26%          2%          2
 Frozen Ramparts          Ice            52%          5%          3
 Vampiric Draining        Necr           13%          5%          3
 Dazzling Flash           Conj/Hex       28%          19%         3
 Inner Flame              Hex/Fire       14%          19%         3
 Animate Dead             Necr           13%          19%         4
 Cause Fear               Hex            13%          19%         4
 Passage of Golubria      Tloc           N/A          19%         4
 Call Imp                 Summ           3%           32%         2
 Searing Ray              Conj           6%           32%         2
 Agony                    Necr           26%          45%         5
 Fulminant Prism          Conj/Hex       7%           52%         4
 Hailstorm                Conj/Ice       14%          52%         4
 Iskenderun's Mystic Bla  Conj/Tloc      14%          52%         4
 Leda's Liquefaction      Hex/Erth       7%           52%         4
 Summon Ice Beast         Ice/Summ       14%          52%         4
 Conjure Flame            Conj/Fire      3%           54%         3
 Ignite Poison            Fire/Tmut/Pois 3%           54%         3
 Mephitic Cloud           Conj/Pois/Air  3%           54%         3
 Static Discharge         Conj/Air       3%           54%         3
 Airstrike                Air            1%           91%         4
 Sticky Flame             Conj/Fire      3%           91%         4
 Invisibility             Hex            26%          95%         6
 Alistair's Intoxication  Tmut/Pois      2%           99%         5
 Fireball                 Conj/Fire      1%           99%         5
 Lee's Rapid Deconstruct  Erth           1%           99%         5
 Lightning Bolt           Conj/Air       1%           99%         5
 Starburst                Conj/Fire      1%           100%        6
 Ignition                 Fire           1%           100%        8


Dungeon Overview and Level Annotations

Branches:
Dungeon (15/15)            Temple (0/1) D:4            Lair (5/6) D:8
 Shoals (0/4) Lair:3        Snake (4/4) Lair:2          Orc (2/2) D:12
    Elf (0/3) Orc:2        Vaults (0/5) D:14         Depths (0/5) D:15
  Slime: Lair:5-6

Altars:
Cheibriados
Dithmenos
Fedhas
Makhleb
Okawaru
Ru
Sif Muna
Trog
Vehumet
Wu Jian
Yredelemnul
Zin
The Shining One
Beogh

Shops:
D:7 *   D:10 :   D:12 [!:!   Orc:2 :[?(   Snake:2 =:   Snake:3 !

Annotations:
Lair:4 exclusion: oklob plant
Snake:2 1 runed translucent door, Araeheci's ghost, adept MiGl
Snake:4 Vashnia


Innate Abilities, Weirdness & Mutations

You have very sharp fingernails.
You are mostly covered in slimy green scales. (AC +3)
You may rarely emit foul miasma when damaged in melee.
You are robust. (+10% HP)
You are mostly covered in sharp spines.


Message History

The arrow misses you.
You feel much better.
You feel sick.
The naga sharpshooter unwields a +0 trident.
The naga sharpshooter wields a +0 longbow.
The naga sharpshooter shoots an arrow.
The arrow completely misses you. The naga mage completely misses you.
The naga sharpshooter gestures wildly while chanting.
The naga sharpshooter magically shoots an arrow.
The arrow hits you.
You regained 20 hp, and now have 46/137 hp.
Blink to where?
Press: ? - help, Dir - move target
As you read the scroll of blinking, it crumbles to dust.
You feel sick.
Vashnia shoots an arrow.
The arrow hits you!
* * * LOW HITPOINT WARNING * * *
The naga sharpshooter shoots an arrow.
The arrow completely misses you.
The naga sharpshooter shoots an arrow.
The arrow hits you.
* * * LOW HITPOINT WARNING * * *
You take 14 damage, and have 32/137 hp.
As you read the scroll of fog, it crumbles to dust.
The scroll dissolves into smoke.
The naga sharpshooter spits poison at you.
The splash of poison hits you.
You are more poisoned.
* * * LOW HITPOINT WARNING * * *
Vashnia shoots an arrow.
The arrow hits you!!
* * * LOW HITPOINT WARNING * * *
You take 28 damage, and have 4/137 hp.
MASSIVE DAMAGE!!
As you read the scroll of teleportation, it crumbles to dust.
You feel strangely unstable.
* * * LOW HITPOINT WARNING * * *
You feel sick.
The naga sharpshooter shoots an arrow.
The arrow closely misses you.
The naga sharpshooter shoots an arrow.
The arrow hits you but does no damage.
The naga sharpshooter shoots an arrow.
The arrow hits you.
* * * LOW HITPOINT WARNING * * *
Vashnia spits poison at you. The splash of poison hits you.
You are more poisoned.
You die...

##########
#....§§@§#
#....§§§§#
#.....§§§#
#........#
##NNN......
#..N......##
#..........
#..N.....##
...##..#.


You could see Vashnia (catching breath), 3 naga sharpshooters and a naga mage.

Vanquished Creatures
  Rupert (Lair:5)
  Gastronok (Lair:1)
  Agnes (Snake:3)
  A nagaraja (Snake:2)
  Nessos (Orc:2)
  Harold (Lair:1)
  5 boulder beetles
  13 naga warriors
  3 vault guards (D:14)
  3 catoblepae
  8 hydras
  5 anacondas
  9 death yaks
  3 centaur warriors
  7 naga sharpshooters
  5 two-headed ogres
  An orc high priest (Orc:2)
  5 shock serpents
  Nergalle (D:10)
  4 salamander mystics
  3 skeletal warriors (D:14)
  4 sea snakes (Snake:2)
  A glowing orange brain (D:15)
  3 unseen horrors
  A deep elf archer (D:12)
  A wizard (D:14)
  2 naga ritualists (Snake:1)
  A harpy (D:10)
  2 mana vipers
  7 deep elf pyromancers
  2 orb spiders (shapeshifter) (D:15)
  5 orc sorcerers (Orc:2)
  3 deep elf zephyrmancers (Orc:1)
  A wolf spider zombie (D:15)
  An orc knight (Orc:2)
  12 ugly things
  6 salamanders
  4 cyclopes
  A manticore (D:11)
  2 merfolk sirens (Lair:3)
  17 black mambas
  3 centaur zombies
  18 naga magi
  A guardian serpent (Snake:3)
  Joseph (D:9)
  6 cane toads
  2 gargoyles
  A cane toad (shapeshifter) (D:15)
  4 rime drakes
  A kobold demonologist (D:12)
  2 centaur skeletons
  Maggie (D:7)
  A yaktaur (shapeshifter) (D:15)
  14 komodo dragons
  7 trolls
  2 merfolk (Lair:3)
  4 polar bears
  2 hornets
  A harpy skeleton (D:15)
  7 slime creatures
  31 blink frogs
  3 spriggans (Lair:2)
  A redback (shapeshifter) (D:15)
  4 wraiths
  8 wyverns
  A shadow (D:12)
  A vampire (D:12)
  Grum (D:8)
  51 yaks
  8 humans (D:14)
  A steam dragon (D:10)
  7 vampire mosquitoes
  2 basilisks
  30 nagas
  A soldier ant (shapeshifter) (D:12)
  2 soldier ants
  10 water moccasins
  19 orc warriors
  5 sky beasts
  4 eyes of draining
  3 necrophages
  7 ice beasts
  15 centaurs
  12 ogres
  3 black bears
  18 wolves
  4 phantoms
  4 kobold brigands
  24 bullfrogs
  Blork the orc (D:5)
  2 wyvern skeletons
  7 scorpions
  9 killer bees
  3 howler monkeys (D:11)
  4 wights (D:10)
  2 electric eels
  4 bullfrog zombies
  4 quasits
  6 hounds
  3 jellies
  25 orc priests
  Crazy Yiuf (D:6)
  A bullfrog skeleton (D:11)
  3 iguanas
  26 orc wizards
  8 hell rats
  5 worker ants
  A killer bee zombie (D:6)
  2 hound skeletons
  A worker ant zombie (D:10)
  9 gnolls
  11 adders
  2 river rats (D:8)
  2 shadow imps
  4 white imps
  2 ufetubi
  2 oozes
  4 adder skeletons
  6 worms
  A dart slug (D:2)
  4 leopard geckos
  62 orcs
  2 ball pythons
  5 giant cockroaches
  4 goblins
  8 hobgoblins
  11 jackals
  4 quokkas
  7 bats
  3 frilled lizards (D:2)
  22 kobolds
  A leopard gecko skeleton (D:6)
  8 rats
817 creatures vanquished.

Vanquished Creatures (others)
  A vault guard (D:14)
  A guardian serpent (Snake:2)
  36 fungi
  123 plants
  2 withered plants (Snake:2)
163 creatures vanquished.

Grand Total: 980 creatures vanquished

Notes
Turn   | Place    | Note
-------+----------+-------------------------------------------
     0 | D:1      | jasper the Demonspawn Arcane Marksman began the quest for
                  | the Orb.
     0 | D:1      | Reached XP level 1. HP: 15/15 MP: 2/2
    29 | D:1      | Reached skill level 2 in Crossbows
   407 | D:1      | Gained mutation: You have sharp fingernails. [demonic
                  | ancestry]
   407 | D:1      | Reached XP level 2. HP: 21/21 MP: 3/3
   836 | D:1      | Reached skill level 3 in Crossbows
  1295 | D:2      | Learned a level 1 spell: Apportation
  1299 | D:2      | Gained mutation: You may rarely emit foul miasma when
                  | damaged in melee. [demonic ancestry]
  1299 | D:2      | Reached XP level 3. HP: 26/26 MP: 4/4
  1672 | D:2      | Gained mutation: You are partially covered in slimy green
                  | scales. (AC +2) [demonic ancestry]
  1672 | D:2      | Reached XP level 4. HP: 32/32 MP: 5/5
  1676 | D:2      | Learned a level 3 spell: Tukima's Dance
  1703 | D:2      | Reached skill level 4 in Crossbows
  2517 | D:3      | Gained mutation: You are mostly covered in slimy green
                  | scales. (AC +3) [demonic ancestry]
  2517 | D:3      | Reached XP level 5. HP: 33/37 MP: 6/6
  3341 | D:3      | Reached skill level 5 in Crossbows
  4022 | D:4      | Found a bloodstained altar of Trog.
  4211 | D:4      | Found a burning altar of Makhleb.
  4211 | D:4      | Noticed an ogre
  4537 | D:4      | Gained mutation: You have very sharp fingernails. [demonic
                  | ancestry]
  4537 | D:4      | Reached XP level 6. HP: 43/43 MP: 7/7
  4552 | D:4      | Found a snail-covered altar of Cheibriados.
  4576 | D:4      | Found a shadowy altar of Dithmenos.
  4761 | D:4      | Reached skill level 6 in Crossbows
  5084 | D:4      | Found a sacrificial altar of Ru.
  5155 | D:5      | Entered Level 5 of the Dungeon
  5886 | D:5      | Noticed Blork the orc
  5892 | D:5      | Identified the +1 cloak of Bedazzling Mirth {rF+ Stlth+}
  5913 | D:5      | Killed Blork the orc
  5914 | D:5      | Reached skill level 7 in Crossbows
  5914 | D:5      | Reached XP level 7. HP: 41/48 MP: 8/8
  6614 | D:5      | Reached skill level 8 in Crossbows
  6796 | D:5      | Found a shimmering blue altar of Sif Muna.
  6868 | D:5      | Found an iron altar of Okawaru.
  6886 | D:5      | Became a worshipper of Warmaster Okawaru
  6899 | D:6      | Found an ornate altar of the Wu Jian Council.
  7662 | D:6      | Reached XP level 8. HP: 52/54 MP: 9/9
  8080 | D:6      | Reached skill level 9 in Crossbows
  8550 | D:6      | Found a runed translucent door.
  8551 | D:6      | Noticed Crazy Yiuf
  8889 | D:7      | Found a radiant altar of Vehumet.
  8946 | D:7      | Found Vunaomuz's Assorted Antiques.
  8959 | D:7      | Bought a scroll labelled QEEMUE JAISEW for 26 gold pieces
  8959 | D:7      | Bought a potion of heal wounds for 130 gold pieces
  8959 | D:7      | Bought a scroll labelled YSEZYBR HULAXE for 26 gold pieces
  8959 | D:7      | Bought a scroll labelled QEEMUE JAISEW for 26 gold pieces
  8959 | D:7      | Bought a scroll labelled COFARR MULU for 26 gold pieces
  9209 | D:7      | Noticed Maggie
  9233 | D:7      | Killed Maggie
  9233 | D:7      | Reached * piety under Okawaru
  9234 | D:7      | Reached skill level 10 in Crossbows
  9994 | D:7      | Found an ornate altar of the Wu Jian Council.
 10412 | D:8      | Found a blossoming altar of Fedhas.
 10438 | D:8      | Reached skill level 1 in Armour
 10438 | D:8      | Reached skill level 1 in Unarmed Combat
 10547 | D:8      | Gained mutation: You are partially covered in sharp spines.
                  | [demonic ancestry]
 10547 | D:8      | Reached XP level 9. HP: 39/61 MP: 11/11
 10820 | D:8      | Noticed a death yak
 10855 | D:8      | Noticed a death yak
 10858 | D:8      | Noticed a death yak
 10990 | D:8      | Noticed Grum
 11179 | D:9      | Noticed Joseph
 11864 | D:9      | Reached ** piety under Okawaru
 12219 | D:9      | Noticed a boulder beetle
 12486 | D:10     | Entered Level 10 of the Dungeon
 12584 | D:10     | Found Naylur's Book Emporium.
 12708 | D:10     | Reached XP level 10. HP: 73/73 MP: 12/12
 12877 | D:10     | You fall into a shaft and drop 3 floors!
 12881 | D:13     | Noticed an eight-headed hydra
 12887 | D:13     | Killed an eight-headed hydra
 12887 | D:13     | Reached *** piety under Okawaru
 12888 | D:13     | Reached skill level 5 in Fighting
 12976 | D:13     | Reached skill level 5 in Dodging
 13044 | D:12     | Found a gate leading to a gauntlet.
 13385 | D:13     | Noticed a cyclops
 13595 | D:12     | Noticed a cyclops
 13595 | D:12     | Noticed a seven-headed hydra
 13600 | D:12     | HP: 1/74 [cyclops (23)]
 14072 | D:13     | Noticed a centaur warrior
 14082 | D:13     | Killed a centaur warrior
 14086 | D:13     | Reached skill level 5 in Armour
 14086 | D:13     | Reached skill level 5 in Unarmed Combat
 14219 | D:13     | Learned a level 1 spell: Animate Skeleton
 14222 | D:13     | Learned a level 2 spell: Blink
 14223 | D:12     | Noticed a gargoyle
 14277 | D:12     | Noticed a cyclops
 14300 | D:12     | Killed a cyclops
 14300 | D:12     | Received a gift from Okawaru
 14552 | D:11     | Noticed a gargoyle
 14770 | D:10     | Received a gift from Okawaru
 14975 | D:10     | Identified the +1 leather armour of Fedhas's Fury {Dex+4}
 15302 | D:4      | Reached **** piety under Okawaru
 15313 | D:4      | Found a staircase to the Ecumenical Temple.
 15566 | D:4      | Found a basalt altar of Yredelemnul.
 15863 | D:6      | Killed Crazy Yiuf
 15966 | D:7      | Reached XP level 11. HP: 77/83 MP: 13/13
 15999 | D:8      | Killed Grum
 16189 | D:8      | Found a staircase to the Lair.
 16220 | D:8      | Killed a death yak
 16223 | D:8      | Killed a death yak
 16223 | D:8      | Received a gift from Okawaru
 16235 | D:8      | Killed a death yak
 17169 | D:9      | Killed Joseph
 17426 | D:9      | Identified a scroll of acquirement
 17426 | D:9      | Acquired a +1 pair of gloves of archery
 17441 | D:10     | Noticed Nergalle
 17448 | D:10     | Killed Nergalle
 17448 | D:10     | Reached ***** piety under Okawaru
 17510 | D:10     | Received a gift from Okawaru
 17620 | D:10     | Noticed an unseen horror
 17622 | D:10     | Killed an unseen horror
 17639 | D:10     | Noticed a four-headed hydra
 17641 | D:10     | Received a gift from Okawaru
 17648 | D:10     | Killed a four-headed hydra
 17649 | D:10     | Reached skill level 11 in Crossbows
 17818 | D:10     | Noticed an unseen horror
 17819 | D:10     | Noticed a harpy
 17825 | D:10     | Killed a harpy
 17828 | D:10     | Killed an unseen horror
 17828 | D:10     | Received a gift from Okawaru
 17942 | D:10     | Identified the +0 buckler "Vesitt" {rN+ Will+ Str+2}
 18043 | D:10     | Reached XP level 12. HP: 92/92 MP: 14/14
 18248 | D:11     | Received a gift from Okawaru
 18571 | D:11     | Noticed a two-headed ogre
 18581 | D:11     | Killed a two-headed ogre
 18934 | D:11     | Noticed a two-headed ogre
 18939 | D:11     | Killed a two-headed ogre
 18948 | D:11     | Learned a level 3 spell: Portal Projectile
 18952 | D:11     | Learned a level 3 spell: Lesser Beckoning
 19181 | D:9      | Killed a boulder beetle
 19181 | D:9      | Received a gift from Okawaru
 19255 | Lair:1   | Entered Level 1 of the Lair of Beasts
 19439 | Lair:1   | Identified the amulet of Mutualism {Faith Slay+6}
 19454 | Lair:1   | Reached skill level 12 in Crossbows
 19508 | Lair:1   | Noticed Gastronok
 19516 | Lair:1   | Killed Gastronok
 19584 | Lair:1   | Identified the +7 chain mail of Zamyshol {Int+4} (Okawaru
                  | gifted it to you on level 1 of the Lair of Beasts)
 19584 | Lair:1   | Received a gift from Okawaru
 19677 | Lair:1   | Noticed a five-headed hydra
 19682 | Lair:1   | Killed a five-headed hydra
 19894 | Lair:1   | Noticed Harold
 19902 | Lair:1   | Killed Harold
 20328 | Lair:2   | Noticed a catoblepas
 20340 | Lair:2   | Killed a catoblepas
 20340 | Lair:2   | Reached ****** piety under Okawaru
 20412 | Lair:2   | Gained mutation: You are mostly covered in sharp spines.
                  | [demonic ancestry]
 20412 | Lair:2   | Reached XP level 13. HP: 101/101 MP: 15/15
 20484 | Lair:2   | Received a gift from Okawaru
 20549 | Lair:2   | Found a staircase to the Snake Pit.
 21116 | Lair:2   | Reached skill level 13 in Crossbows
 22295 | Lair:3   | Reached skill level 10 in Fighting
 22301 | Lair:3   | Found a staircase to the Shoals.
 22922 | Lair:4   | Received a gift from Okawaru
 23398 | Lair:4   | Gained mutation: You are robust. (+10% HP) [demonic
                  | ancestry]
 23398 | Lair:4   | Reached XP level 14. HP: 92/122 MP: 16/16
 23402 | Lair:4   | Reached skill level 14 in Crossbows
 23653 | Lair:5   | Noticed Rupert
 23657 | Lair:5   | Reached skill level 10 in Dodging
 23680 | Lair:5   | Killed Rupert
 23680 | Lair:5   | Received a gift from Okawaru
 24344 | Lair:5   | Reached skill level 10 in Armour
 25000 | D:12     | Found Hupu's Book Shoppe.
 25041 | D:12     | Found Feusa's Distillery.
 25208 | D:12     | Received a gift from Okawaru
 25228 | D:12     | Identified the +1 scale mail of the Eternal Fruit {Will+}
 25562 | D:12     | Found Etakodda's Distillery.
 25562 | D:12     | Noticed Fannar
 25578 | D:11     | Reached skill level 15 in Crossbows
 25779 | D:12     | Received a gift from Okawaru
 26121 | D:12     | Found Kitomoad's Armour Shop.
 26142 | D:12     | Bought a +2 helmet of intelligence for 344 gold pieces
 26332 | D:12     | Found a staircase to the Orcish Mines.
 26371 | Orc:1    | Entered Level 1 of the Orcish Mines
 26586 | Orc:2    | Entered Level 2 of the Orcish Mines
 26586 | Orc:2    | Noticed Nessos
 26592 | Orc:2    | Killed Nessos
 26719 | Orc:2    | Found a staircase to the Elven Halls.
 26789 | Orc:2    | Found Jouront's Antique Weapon Emporium.
 26792 | Orc:2    | Found Houdyduph's Magic Scroll Emporium.
 27025 | Orc:2    | Found Loittet's Book Shoppe.
 27029 | Orc:2    | Found Umaitume's Armour Shoppe.
 27051 | Orc:2    | Bought a scroll of fog for 30 gold pieces
 27051 | Orc:2    | Bought a scroll of blinking for 112 gold pieces
 27051 | Orc:2    | Bought a scroll of teleportation for 45 gold pieces
 27051 | Orc:2    | Bought a scroll of teleportation for 45 gold pieces
 27051 | Orc:2    | Bought a scroll of blinking for 112 gold pieces
 27051 | Orc:2    | Bought a scroll of identify for 30 gold pieces
 27051 | Orc:2    | Bought a scroll of teleportation for 45 gold pieces
 27052 | Orc:2    | Bought a book of Air for 420 gold pieces
 27116 | Orc:2    | Reached skill level 16 in Crossbows
 27887 | Orc:1    | Reached XP level 15. HP: 112/129 MP: 17/17
 28092 | Orc:1    | Received a gift from Okawaru
 29090 | D:13     | Received a gift from Okawaru
 29717 | D:14     | Reached skill level 17 in Crossbows
 30256 | D:14     | Received a gift from Okawaru
 30329 | D:14     | Found a gate to the Vaults.
 30472 | D:15     | Entered Level 15 of the Dungeon
 30518 | D:15     | Received a gift from Okawaru
 31020 | D:15     | Reached skill level 18 in Crossbows
 31024 | D:15     | Learned a level 3 spell: Ozocubu's Armour
 31110 | D:15     | Reached skill level 1 in Necromancy
 31110 | D:15     | Reached skill level 1 in Translocations
 31132 | D:15     | Reached skill level 1 in Ice Magic
 31156 | D:15     | Found a staircase to the Depths.
 31536 | Snake:1  | Entered Level 1 of the Snake Pit
 32040 | Snake:1  | Received a gift from Okawaru
 32130 | Snake:1  | Reached XP level 16. HP: 137/137 MP: 18/18
 32531 | Snake:1  | Found an ornate altar of the Wu Jian Council.
 32724 | Snake:1  | Learned a level 2 spell: Passwall
 32785 | Snake:2  | Received a gift from Okawaru
 32877 | Snake:2  | Found a runed translucent door.
 32983 | Snake:2  | Reached skill level 5 in Hexes
 33032 | Snake:2  | Found Zudevoir's Book Shoppe.
 33032 | Snake:2  | Found Punisikk's Jewellery Emporium.
 33044 | Snake:2  | Received a gift from Okawaru
 33198 | Snake:2  | Received a gift from Okawaru
 33538 | Snake:2  | Received a gift from Okawaru
 33745 | Snake:2  | Reached skill level 5 in Necromancy
 33778 | Snake:2  | Learned a level 2 spell: Swiftness
 34518 | Snake:2  | Noticed Araeheci's ghost (adept MiGl)
 35587 | Snake:3  | Reached skill level 5 in Translocations
 35589 | Snake:3  | Reached skill level 5 in Ice Magic
 35726 | Snake:3  | Found Golint's Distillery.
 35750 | Snake:3  | Bought a potion of curing for 54 gold pieces
 35750 | Snake:3  | Bought a potion of curing for 54 gold pieces
 35750 | Snake:3  | Bought a potion of curing for 54 gold pieces
 35750 | Snake:3  | Bought a potion of curing for 54 gold pieces
 35750 | Snake:3  | Bought a potion of haste for 180 gold pieces
 35786 | Snake:3  | Identified the +0 pair of gloves of the Lost Path {Str+3
                  | Dex+2} (Okawaru gifted it to you on level 3 of the Snake
                  | Pit)
 35786 | Snake:3  | Received a gift from Okawaru
 36016 | Snake:3  | Noticed Agnes
 36026 | Snake:3  | Killed Agnes
 36124 | Snake:4  | Entered Level 4 of the Snake Pit
 36148 | Snake:4  | Reached skill level 5 in Invocations
 36162 | Snake:4  | Noticed Vashnia
 36166 | Snake:4  | HP: 4/137 [Vashnia/arrow (26)]
 36167 | Snake:4  | HP: 1/137 [naga sharpshooter/arrow[Vashnia] (1)]
 36167 | Snake:4  | Killed from afar by Vashnia

Illustrated notes

Levels and vault maps discovered:
D:1:      minmay_arrival_wavy_path, layout_loops_cross, serial_rivers,
          chequers_serial_rivers_room_a, chequers_serial_rivers_room_b,
          chequers_serial_rivers_large_a, chequers_serial_rivers_micro_e,
          chequers_serial_rivers_small_b, chequers_serial_rivers_micro_a
D:2:      layout_loops_cross, lemuel_crystal_altar
D:3:      layout_basic, minmay_misc_feat_columns, corexii_leaking_fountain
D:4:      layout_loops_ring, general_overflow_altar, lemuel_crystal_altar,
          lemuel_crystal_altar, kennysheep_mini_moat, overflow_temple_1_default,
          minmay_temple_entry_nine_rooms, hangedman_ru_absence
D:5:      layout_basic, lemuel_crystal_altar, okawaru_metal_pillars_1_2,
          kennysheep_little_box, uniq_blork_the_orc
D:6:      layout_loops_ring, basic_altar, uniq_crazy_yiuf_cottage
D:7:      layout_basic, vehumet_altar_wand_db, pdpol_wu_jian_five_deadly_venoms,
          serial_shops, shop, uniq_maggie
D:8:      layout_basic, lemuel_doored_altar, dpeg_lair_monsters, uniq_grum
D:9:      minmay_distorted_concentric_squares, layout_basic,
          kennysheep_generic_room_10, uniq_joseph
D:10:     wad_statue_garden, layout_long_grid, serial_shops,
          nicolae_shop_crystal, uniq_nergalle
D:11:     layout_long_grid
D:12:     minmay_blocking_statues, layout_cave_pods, orc_0_dummy,
          gauntlet_entry_generic, serial_shops, nicolae_shop_trees,
          nicolae_shop_crystal, nicolae_shop_statue_plus, shop, uniq_fannar
D:13:     layout_loops_ring, kennysheep_donut, minmay_circle_x
D:14:     layout_long_grid, ximxim_vaults_locker_room, fountainhead,
          feat_on_display
D:15:     gammafunk_enter_depths_forms, layout_gridville, minivault_24
Lair:1:   layout_regular_city, lemuel_old_faithful, grunt_megastairs_5,
          uniq_harold, uniq_gastronok
Lair:2:   layout_regular_city, dummy_snake_entry, portal_ice_cave_rime,
          cheibrodos_lair_caveside_slide, wad_woods_02
Lair:3:   layout_cellular_growth, elwin_shoals_entry_stream, lemuel_fruit_tree
Lair:4:   layout_roguey, forest_entry_grove, minmay_lair_oklob_chamber,
          infiniplex_staircase_pool
Lair:5:   layout_regular_city, nicolae_volcano_entry_lava_flow,
          serial_bayou_ford_a, beast_lair_carwin_2, uniq_rupert
Snake:1:  layout_gridlike, basic_altar
Snake:2:  layout_chambers, gammafunk_ghost_grave, minmay_shoptagon,
          serial_bayou_shore_b, serial_bayou_shore_a
Snake:3:  layout_misc_corridors, serial_shops, nicolae_shop_stone, special_room,
          grunt_ministairs_12, uniq_agnes
Snake:4:  snake_pit, layout_rooms, gammafunk_ghost_split,
          hangedman_snake_thin_pillar_pass, uniq_vashnia
Orc:1:    layout_caves, elves_outpost_lemuel
Orc:2:    st_orc_mages, layout_caves, basic_altar, minmay_orc_temple_b,
          uniq_nessos

Skill      XL: |  1  2  3  4  5  6  7  8  9 10 11 12 13 14 15 16 |
---------------+-------------------------------------------------+-----
Crossbows      | 2 3 4 5 7 8 10 11 12 13 16 18 | 18.0
Invocations    | 3 5 |  5.1
Dodging        | 2 4 6 7 8 9 10 | 10.1
Armour         | 1 3 6 7 8 9 10 | 10.0
Unarmed Combat | 1 4 5 |  5.0
Fighting       | 4 6 8 9 10 11 | 11.0
Necromancy     | 3 6 |  6.0
Translocations | 2 6 |  6.0
Ice Magic      | 2 6 |  6.0
Hexes          | 4 6 |  6.0
Spellcasting   | 3 |  3.4

Action                   |  1- 3 |  4- 6 |  7- 9 | 10-12 | 13-15 | 16-18 || total
-------------------------+-------+-------+-------+-------+-------+-------++-------
Melee: Unarmed           |     8 |   288 |   619 |   150 |     4 |       ||  1069
       Arbalest          |       |       |       |       |     1 |       ||     1
 Fire: Hand crossbow     |    94 |    42 |     4 |       |       |       ||   140
       Arbalest          |       |       |       |   323 |   987 |   300 ||  1610
Throw: Dart              |       |    84 |   116 |     1 |       |       ||   201
 Cast: Apportation       |       |       |       |       |       |    62 ||    62
       Ozocubu's Armour  |       |       |       |       |       |     5 ||     5
Invok: Heroism           |       |       |     6 |    14 |     7 |     1 ||    28
       Finesse           |       |       |       |       |     2 |     2 ||     4
Evoke: Wand              |       |       |    10 |     9 |     1 |       ||    20
  Use: Potion            |       |       |    10 |     2 |       |     5 ||    17
       Scroll            |       |       |     9 |    19 |     5 |     6 ||    39
 Stab: Sleeping          |       |       |     3 |       |       |       ||     3
       Paralysed         |       |       |     8 |       |       |       ||     8
       Distracted        |       |       |     1 |       |       |       ||     1
Armor: Robe              |     2 |       |       |       |       |       ||     2
       Leather armour    |     3 |       |       |       |       |       ||     3
       Ring mail         |    22 |   123 |   370 |       |       |       ||   515
       Swamp dragon scal |       |       |   104 |    96 |    17 |    60 ||   277
       Chain mail        |       |       |       |    12 |   198 |       ||   210
Dodge: Dodged            |    15 |   134 |   378 |   182 |   229 |   109 ||  1047
Block: Buckler           |     3 |    46 |    86 |    34 |       |       ||   169

Table legend: (Time is in decaauts)
 A = Elapsed time spent in this place.
 B = Non-inter-level travel time spent in this place.
 C = Inter-level travel time spent in this place.
 D = Time resting spent in this place.
 E = Time spent auto-exploring this place.
 F = Levels seen in this place.
 G = Mean time per level.
                   A        B        C        D        E       F      G
               +--------+--------+--------+--------+--------+-----+--------+
         Total |  36493 |  34557 |   1936 |   4414 |  23922 |  26 | 1403.6 |
       Dungeon |  24014 |  22619 |   1395 |   3312 |  15166 |  15 | 1600.9 |
          Lair |   5785 |   5449 |    336 |    189 |   4414 |   5 | 1157.0 |
     Snake Pit |   4619 |   4523 |     96 |    495 |   3291 |   4 | 1154.8 |
  Orcish Mines |   2074 |   1966 |    108 |    418 |   1050 |   2 | 1037.0 |
               +--------+--------+--------+--------+--------+-----+--------+

Top non-repeatable levels by time:
 Snake:2: 2694 daAuts
    D:12: 2345 daAuts
     D:9: 2115 daAuts
     D:6: 2064 daAuts
     D:5: 1838 daAuts
     D:8: 1778 daAuts
     D:4: 1699 daAuts
     D:3: 1615 daAuts
    D:10: 1574 daAuts
     D:7: 1553 daAuts
  Lair:2: 1523 daAuts
    D:13: 1450 daAuts
   Orc:2: 1433 daAuts
    D:11: 1329 daAuts
    D:14: 1302 daAuts
